 Dungeon Crawl Stone Soup version 0.29-a0-1039-gfc20370e89 (webtiles) character file.

Game seed: 529076188087436272

1176 Bnni the Slasher (level 8, 0/64 HPs)
             Began as a Demonspawn Gladiator on Aug 15, 2022.
             Slain by a killer bee (7 damage)
             ... on level 5 of the Dungeon.
             The game lasted 00:07:43 (5087 turns).

Bnni the Slasher (Demonspawn Gladiator)             Turns: 5087, Time: 00:07:44

Health: 0/64       AC: 16    Str: 16    XL:     8   Next: 18%
Magic:  8/8        EV:  5    Int:  9    God:
Gold:   189        SH:  0    Dex: 16    Spells: 7/7 levels left

rFire   . . .      SeeInvis .   a - +0 long sword
rCold   . . .      Faith    .   (no shield)
rNeg    + . .      Spirit   .   b - +0 plate armour
rPois   .          Reflect  .   c - +0 helmet
rElec   .          Harm     .   (no cloak)
rCorr   +          Rampage  .   (no gloves)
Will    .....                   w - +0 pair of boots
Stlth   ..........              (no amulet)
HPRegen 0.20/turn               p - ring of positive energy
MPRegen 0.11/turn               (no ring)

@: lethally poisoned (0 -> -4)
A: hooves 2, yellow scales 3
a: no special abilities


You were on level 5 of the Dungeon.
You visited 1 branch of the dungeon, and saw 5 of its levels.

You collected 189 gold pieces.

Inventory:

Hand Weapons
 a - a +0 long sword (weapon)
 g - a +0 dagger
 y - a +2 rapier of speed
 C - a +0 shortbow
Missiles
 d - a throwing net (quivered)
 e - a javelin
Armour
 b - a +0 plate armour (worn)
 c - a +0 helmet (worn)
 r - a +0 ring mail
 w - a +0 pair of boots (worn)
Jewellery
 o - a ring of ice
 p - a ring of positive energy (left hand)
 A - a ring of ice
Scrolls
 f - a scroll of identify
 i - a scroll of vulnerability {unknown}
 l - a scroll of fog {unknown}
 m - 2 scrolls of teleportation
 n - a scroll of noise {unknown}
 x - a scroll of fear {unknown}
 z - a scroll of silence {unknown}
Potions
 h - a potion of might {unknown}
 j - a potion of haste {unknown}
 q - a potion of brilliance {unknown}
 s - a potion of resistance {unknown}
 t - a potion of heal wounds {unknown}
 u - a potion of magic {unknown}
 v - a potion of berserk rage {unknown}
 B - a potion of degeneration {unknown}


   Skills:
 + Level 5.9 Fighting
 * Level 7.8 Long Blades
 - Level 1.7 Throwing
 - Level 2.6 Dodging


You had 7 spell levels left.
You didn't know any spells.
Your spell library contained the following spells:

 Spells                   Type           Power      Damage    Failure   Level
 Sandblast                Erth           0%         2d4       100%        1
 Passwall                 Tmut/Erth      0%         N/A       100%        2
 Stone Arrow              Conj/Erth      0%         3d7       100%        3


Dungeon Overview and Level Annotations

Branches:
Dungeon (5/15)
 Temple: D:4-7

Altars:

Shops:
D:2 =


Innate Abilities, Weirdness & Mutations

You have hoof-like feet.
You are completely covered in yellow scales. (AC +4, rCorr)


Message History

You hit the killer bee.
You kill the killer bee!
The killer bee stings you.
* * * LOW HITPOINT WARNING * * *
You are poisoned.
The killer bee poisons you!
You feel better.
The killer bee stings you but does no damage. x2
You hit the killer bee but do no damage.
The killer bee stings you.
* * * LOW HITPOINT WARNING * * *
You are poisoned.
The killer bee poisons you! The killer bee barely misses you.
You slash the killer bee!
The killer bee is heavily wounded.
You feel sick. The killer bee stings you.
* * * LOW HITPOINT WARNING * * *
The killer bee stings you but does no damage.
You feel better. The killer bee stings you.
* * * LOW HITPOINT WARNING * * *
The killer bee barely misses you.
You hit the killer bee.
The killer bee is severely wounded.
The killer bee stings you but does no damage. x2
You miss the killer bee.
The killer bee is severely wounded.
The killer bee stings you but does no damage.
The killer bee barely misses you.
You closely miss the killer bee.
The killer bee is severely wounded.
The killer bee stings you.
* * * LOW HITPOINT WARNING * * *
You are poisoned.
The killer bee poisons you! The killer bee barely misses you.
You miss the killer bee.
The killer bee is severely wounded.
You feel sick.
The killer bee stings you but does no damage.
The killer bee stings you!
You die...

...# #.# #### ###
#.# ..### #.#
#$... #.# #....
#.# . #.... #.# #
.##.... #.#
.?....>######.###
## #..y@......#
....##..#########
........###
#######...##
...##.....#..#
###>
#$.........#$#
....
.#...##...#..# ##
..#. #†.#...# #.#
...#....#....#


You could see a killer bee.

Vanquished Creatures
  Sigmund (D:4)
  2 water moccasins (D:3)
  2 centaurs (D:5)
  A phantom (D:4)
  A scorpion (D:5)
  4 killer bees (D:5)
  An orc priest (D:5)
  2 hounds (D:4)
  An iguana (D:4)
  Natasha (twice) (D:2)
  An orc wizard (D:5)
  5 adders
  2 ufetubi (D:5)
  3 worms
  4 dart slugs
  9 orcs
  6 bats
  6 endoplasms
  3 giant cockroaches (D:1)
  3 goblins
  3 hobgoblins
  2 jackals (D:2)
  4 kobolds
  8 quokkas
  5 ball pythons
  2 frilled lizards
  6 rats
89 creatures vanquished.

Vanquished Creatures (others)
  10 plants (D:5)
10 creatures vanquished.

Grand Total: 99 creatures vanquished

Notes
Turn   | Place    | Note
-------+----------+-------------------------------------------
     0 | D:1      | Bnni the Demonspawn Gladiator began the quest for the Orb.
     0 | D:1      | Reached XP level 1. HP: 16/16 MP: 1/1
   319 | D:1      | Reached skill level 3 in Long Blades
   321 | D:1      | Gained mutation: You are partially covered in yellow
                  | scales. (AC +2) [demonic ancestry]
   321 | D:1      | Reached XP level 2. HP: 15/22 MP: 2/2
  1280 | D:2      | Gained mutation: You have large cloven feet. [demonic
                  | ancestry]
  1280 | D:2      | Reached XP level 3. HP: 28/28 MP: 3/3
  1288 | D:2      | You fall into a shaft and drop 1 floor!
  1718 | D:3      | Noticed a water moccasin
  1903 | D:2      | Noticed Natasha
  1914 | D:2      | Killed Natasha
  1915 | D:2      | Reached skill level 4 in Long Blades
  1915 | D:2      | Reached XP level 4. HP: 17/35 MP: 4/4
  1915 | D:2      | Found Alex Agophu's Jewellery Shoppe.
  2189 | D:2      | Found a faded altar of an unknown god.
  2236 | D:2      | Noticed Natasha
  2249 | D:2      | Killed Natasha
  2669 | D:3      | Killed a water moccasin
  2670 | D:3      | Reached skill level 5 in Long Blades
  2670 | D:3      | Reached XP level 5. HP: 27/42 MP: 5/5
  3152 | D:3      | Noticed a water moccasin
  3167 | D:3      | Killed a water moccasin
  3168 | D:3      | Gained mutation: You are mostly covered in yellow scales.
                  | (AC +3) [demonic ancestry]
  3168 | D:3      | Reached XP level 6. HP: 38/48 MP: 6/6
  3624 | D:4      | Noticed Sigmund
  3633 | D:4      | Killed Sigmund
  3634 | D:4      | Reached skill level 6 in Long Blades
  3634 | D:4      | Gained mutation: You have hoof-like feet. [demonic
                  | ancestry]
  3634 | D:4      | Reached XP level 7. HP: 45/55 MP: 7/7
  4120 | D:4      | Reached skill level 5 in Fighting
  4363 | D:5      | Entered Level 5 of the Dungeon
  4565 | D:5      | Reached skill level 7 in Long Blades
  4874 | D:5      | Gained mutation: You are completely covered in yellow
                  | scales. (AC +4, rCorr) [demonic ancestry]
  4874 | D:5      | Reached XP level 8. HP: 30/64 MP: 8/8
  5087 | D:5      | Slain by a killer bee

Illustrated notes

Levels and vault maps discovered:
D:1:      dpeg_arrival_signposts, layout_basic
D:2:      layout_loops_ring, serial_shops, nicolae_shop_crystal,
          ebering_ecumenical_altar_webs, uniq_natasha
D:3:      layout_loops_cross, minivault_5
D:4:      layout_basic, uniq_sigmund
D:5:      layout_basic, marbit_many_paths, minivault_26, st_stairs_13,
          serial_bayou_lagoon_a

Skill      XL: |  1  2  3  4  5  6  7 |
---------------+----------------------+-----
Long Blades    | 3 4 5 6 7 |  7.8
Fighting       | 3 4 5 |  5.9
Throwing       | |  1.7
Dodging        | |  2.6

Action                   |  1- 3 |  4- 6 |  7- 9 || total
-------------------------+-------+-------+-------++-------
Melee: Long sword        |   133 |    66 |   137 ||   336
       Kick              |    10 |     8 |       ||    18
       Punch             |     1 |     1 |     2 ||     4
       Dagger            |       |     3 |       ||     3
       Rapier            |       |       |    15 ||    15
Throw: Throwing net      |     1 |     6 |       ||     7
       Javelin           |       |     1 |       ||     1
  Use: Scroll            |       |     2 |       ||     2
       Potion            |       |     1 |     3 ||     4
 Stab: Sleeping          |     2 |       |       ||     2
       Held in net/web   |       |     3 |       ||     3
Armor: Leather armour    |    47 |       |       ||    47
       Plate armour      |    18 |    53 |   161 ||   232
       Ring mail         |     1 |       |       ||     1
Dodge: Dodged            |    76 |    16 |    54 ||   146

Table legend: (Time is in decaauts)
 A = Elapsed time spent in this place.
 B = Non-inter-level travel time spent in this place.
 C = Inter-level travel time spent in this place.
 D = Time resting spent in this place.
 E = Time spent auto-exploring this place.
 F = Levels seen in this place.
 G = Mean time per level.
                   A        B        C        D        E       F      G
               +--------+--------+--------+--------+--------+-----+--------+
         Total |   5152 |   5024 |    128 |    704 |   3410 |   5 | 1030.4 |
       Dungeon |   5152 |   5024 |    128 |    704 |   3410 |   5 | 1030.4 |
               +--------+--------+--------+--------+--------+-----+--------+

Top non-repeatable levels by time:
     D:3: 1264 daAuts
     D:1: 1157 daAuts
     D:2: 1100 daAuts
     D:4: 893 daAuts
     D:5: 737 daAuts
